 Dungeon Crawl Stone Soup version 0.29.0-4-gdea44cf6ec (webtiles) character file.

Game seed: 5926881854753549043

22117 concernfroge the Cleaver (level 12, -14/97 HPs)
             Began as a Mummy Monk on Aug 27, 2022.
             Was a High Priest of Okawaru.
             Demolished by a boulder beetle (47 damage)
             ... on level 4 of the Lair of Beasts.
             The game lasted 00:42:30 (15656 turns).

concernfroge the Cleaver (Mummy Monk)              Turns: 15656, Time: 00:42:32

Health: -14/97     AC: 16    Str: 19    XL:     12   Next: 60%
Magic:  18/18      EV: 15    Int:  9    God:    Okawaru [*****.]
Gold:   706        SH:  5    Dex: 15    Spells: 11/11 levels left

rFire   x . .      SeeInvis +   b - +5 battleaxe (flame)
rCold   + . .      Faith    .   (shield currently unavailable)
rNeg    + + +      Spirit   .   w - +0 acid dragon scales
rPois   ∞          Reflect  +   J - +0 mask of the Dragon {Will+ Slay+3 SInv}
rElec   .          Harm     .   C - +0 cloak
rCorr   +          Rampage  .   e - +0 pair of gloves
Will    ++...                   o - +0 pair of boots
Stlth   +++.......              v - amulet of reflection
HPRegen 0.26/turn               D - ring of flight
MPRegen 0.16/turn               d - +4 ring of protection

@: heroic, flying
A: cold resistance 1, negative energy resistance 3, torment resistance 2, heat
vulnerability 1, in touch with death 1, no potions
a: Renounce Religion, Heroism, Finesse, Duel


You were on level 4 of the Lair of Beasts.
You worshipped Okawaru.
Okawaru was extremely pleased with you.
You visited 3 branches of the dungeon, and saw 15 of its levels.
You also visited: Ossuary.

You collected 849 gold pieces.
You spent 143 gold pieces at shops.

Inventory:

Hand Weapons
 a - a +1 vampiric battleaxe
 b - a +5 battleaxe of flaming (weapon)
Missiles
 A - a curare-tipped dart
 K - 5 poisoned darts (quivered)
Armour
 e - a +0 pair of gloves (worn)
 l - a +2 helmet
 o - a +0 pair of boots (worn)
 s - a +0 plate armour
 w - +0 acid dragon scales (worn)
 C - a +0 cloak (worn)
 J - the +0 mask of the Dragon (worn) {Will+ Slay+3 SInv}
   (You found it on level 4 of the Lair of Beasts)

   Slay:      It affects your accuracy & damage with ranged weapons and melee
   (+3).
   SInv:      It lets you see invisible.
   Will:      It increases your willpower.
Jewellery
 d - a +4 ring of protection (right hand)
 n - a ring of see invisible
 v - an amulet of reflection (around neck)
 D - a ring of flight (left hand)
 F - a ring of ice
 H - a ring of ice
Wands
 q - a wand of light (1)
 u - a wand of flame (9)
 y - a wand of mindburst (21)
 B - a wand of digging (2)
 G - a wand of iceblast (6)
Scrolls
 c - a scroll of poison
 f - 3 scrolls of immolation
 g - 2 scrolls of acquirement
 h - 2 scrolls of amnesia
 i - 8 scrolls of teleportation
 j - a scroll of brand weapon
 k - a scroll of identify
 m - 4 scrolls of blinking
 p - 3 scrolls of fear
 r - 3 scrolls of silence
 t - 2 scrolls of vulnerability
 x - 2 scrolls of fog
 z - 3 scrolls of magic mapping
 E - 2 scrolls of noise
 I - a scroll of enchant armour {unknown}


   Skills:
 - Level 10.0(15.0) Fighting
 + Level 11.8(16.8) Axes
 - Level 7.1(12.1) Staves
 - Level 0.3(5.3) Throwing
 - Level 3.7(8.7) Armour
 - Level 2.4(7.4) Dodging
 - Level 1.5(6.5) Stealth
 - Level 2.6(7.6) Shields
 - Level 8.0 Invocations


You had 11 spell levels left.
You didn't know any spells.
Your spell library contained the following spells:

 Spells                   Type           Power      Damage    Failure   Level
 Scorch                   Fire           0%         2d5       58%         2
 Static Discharge         Conj/Air       0%         3-3/arc   58%         2
 Gell's Gravitas          Tloc           0%         N/A       83%         3
 Lesser Beckoning         Tloc           0%         N/A       83%         3
 Portal Projectile        Hex/Tloc       0%         N/A       83%         3
 Teleport Other           Tloc           0%         N/A       83%         3
 Dispel Undead            Necr           0%         3d6       99%         4
 Flame Wave               Conj/Fire      0%         2d4       99%         4
 Leda's Liquefaction      Hex/Erth       0%         N/A       99%         4
 Passage of Golubria      Tloc           0%         N/A       99%         4
 Sticky Flame             Conj/Fire      0%         2d3       99%         4
 Yara's Violent Unravell  Hex/Tmut       0%         3d3       100%        5
 Sublimation of Blood     Necr           Unusable   N/A       N/A         2
 Wereblood                Tmut           Unusable   N/A       N/A         2
 Call Canine Familiar     Summ           Unusable   N/A       N/A         3
 Tukima's Dance           Hex            Unusable   N/A       N/A         3
 Summon Cactus Giant      Summ           Unusable   N/A       N/A         6
 Summon Hydra             Summ           Unusable   N/A       N/A         7

Dungeon Overview and Level Annotations

Branches:
Dungeon (10/15)            Temple (1/1) D:7            Lair (4/5) D:10
 Shoals (0/4) Lair:2       Spider (0/4) Lair:2      Ossuary (visited)
  Slime: Lair:4-5       Orc: D:9-12

Altars:
Ashenzari
Cheibriados
Dithmenos
Fedhas
Gozag
Hepliaklqana
Kikubaaqudgha
Makhleb
Nemelex Xobeh
Okawaru
Qazlal
Ru
Sif Muna
Trog
Uskayaw
Vehumet
Wu Jian
Xom
Yredelemnul

Shops:
D:3 *   D:10 *

Annotations:
D:8 3 runed translucent doors, iguanaiguana's ghost, novice GrVM
Lair:1 exclusion: 3 oklob plants
Lair:2 1 runed translucent door, Pechyafi's ghost, journeyman DDEE


Innate Abilities, Weirdness & Mutations

You are immune to poison.
Your flesh is cold resistant. (rC+)
You are immune to negative energy. (rN+++)
You are immune to unholy pain and torment.
You are vulnerable to heat. (rF-)
You are in touch with the powers of death.
You do not drink.


Message History

The boulder beetle's mind is blasted!!
The boulder beetle curls into a ball and begins rolling!
Aiming: Mindburst
Press: ? - help, Shift-Dir - straight line, f/p - boulder beetle
Aim: a boulder beetle (heavily wounded, rolling, chance to affect: 47%)
The boulder beetle resists with some effort.
Aiming: Mindburst
Press: ? - help, Shift-Dir - straight line, f/p - boulder beetle
Aim: a boulder beetle (heavily wounded, rolling, chance to affect: 47%)
The boulder beetle resists with some effort.
The boulder beetle hits you!!!
The boulder beetle stops rolling and uncurls.
You hit the boulder beetle. You burn the boulder beetle.
The boulder beetle is heavily wounded.
The boulder beetle leaps!
Aiming: Iceblast
Press: ? - help, Shift-Dir - straight line, p - boulder beetle The mass of ice explodes!
The iceblast engulfs the boulder beetle.
The boulder beetle is heavily wounded.
The boulder beetle curls into a ball and begins rolling!
Aiming: Iceblast
Press: ? - help, Shift-Dir - straight line The mass of ice explodes!
The iceblast engulfs the boulder beetle.
The boulder beetle is heavily wounded.
Aiming: Iceblast
Press: ? - help, Shift-Dir - straight line, f - boulder beetle
Aim: a boulder beetle (heavily wounded, rolling)
The mass of ice explodes!
The iceblast engulfs the boulder beetle but does no damage.
The boulder beetle is heavily wounded.
Okay, then.
Aiming: Bolt of Light
Press: ? - help, Shift-Dir - straight line, f/p - boulder beetle
Aim: a boulder beetle (heavily wounded, rolling, 100% to hit)
The bolt of light hits the boulder beetle.
The boulder beetle is heavily wounded.
The boulder beetle is blinded.
The boulder beetle hits you!!!
You die...

### #..##.†###
#....°°B.#
P..°#.##@# # #
#.## ###
#.†###.####
#..##.....#
#..>..P...#
#....P.#..##
......<..>#...#
............#.##
.#.##.####.##.#


You could see a boulder beetle (rolling, blind).

Vanquished Creatures
  A boulder beetle (D:7)
  2 two-headed ogres (D:8)
  2 wolf spiders (Lair:2)
  Pikel (D:6)
  An oklob plant (D:10)
  3 elephants (Lair:4)
  A black mamba (Lair:3)
  A gargoyle (D:6)
  2 cane toads
  4 komodo dragons
  An unseen horror (D:10)
  A troll (D:10)
  2 hornets
  11 dream sheep
  A jumping spider (Lair:2)
  A culicivora (Lair:2)
  27 yaks
  A wyvern (D:9)
  A basilisk (Lair:2)
  Grum (D:9)
  Eustachio (D:6)
  A vampire mosquito (D:7)
  Menkaure (D:7)
  A steam dragon (D:9)
  3 acid dragons
  A floating eye (Lair:1)
  4 water moccasins
  2 orc warriors (D:9)
  An ice beast (D:8)
  A sky beast (D:7)
  16 wolves
  13 centaurs
  A kobold brigand (D:7)
  A lemure (D:6)
  8 bullfrogs
  A necrophage (D:6)
  14 scorpions
  18 wights
  4 killer bees (D:8)
  6 howler monkeys (D:9)
  4 centaur zombies (Ossuary)
  A jelly (D:8)
  Crazy Yiuf (D:7)
  A gnoll bouda (D:6)
  8 orc priests
  5 hounds
  Terence (D:3)
  2 iguanas
  7 orc wizards
  4 scorpion zombies (Ossuary)
  3 mummies (Ossuary)
  Robin (D:3)
  15 gnolls
  3 adders
  3 white imps
  An ufetubus (D:5)
  A worm (D:2)
  A dart slug (D:4)
  23 orcs
  6 endoplasms
  3 giant cockroaches
  6 goblins
  5 hobgoblins
  6 jackals
  13 kobolds
  4 quokkas
  8 ball pythons
  8 bats
  3 frilled lizards (D:1)
  A gnoll zombie (Ossuary)
  A goblin zombie (Ossuary)
  4 hobgoblin zombies (Ossuary)
  4 kobold zombies (Ossuary)
  2 orc zombies (Ossuary)
  3 rats
325 creatures vanquished.

Vanquished Creatures (others)
  11 fungi
  39 plants
50 creatures vanquished.

Grand Total: 375 creatures vanquished

Notes
Turn   | Place    | Note
-------+----------+-------------------------------------------
     0 | D:1      | concernfroge the Mummy Monk began the quest for the Orb.
     0 | D:1      | Reached XP level 1. HP: 18/18 MP: 1/1
   352 | D:1      | Reached XP level 2. HP: 24/24 MP: 2/2
  1172 | D:2      | Reached skill level 1 in Armour
  1172 | D:2      | Gained mutation: You are in touch with the powers of death.
                  | [Mummy growth]
  1172 | D:2      | Reached XP level 3. HP: 26/30 MP: 3/3
  1530 | D:2      | Found a shimmering blue altar of Sif Muna.
  1708 | D:2      | Found a faded altar of an unknown god.
  2099 | D:3      | Reached XP level 4. HP: 21/37 MP: 4/4
  2297 | D:3      | Found Lafesax's General Store.
  2399 | D:3      | Bought a scroll of identify for 28 gold pieces
  2403 | D:3      | Bought a scroll of identify for 28 gold pieces
  2406 | D:3      | Noticed Terence
  2416 | D:3      | Killed Terence
  2510 | D:3      | Noticed Robin
  2520 | D:3      | Reached XP level 5. HP: 36/43 MP: 5/5
  2532 | D:3      | Killed Robin
  2533 | D:3      | Reached skill level 1 in Shields
  3020 | D:3      | Found an ornate altar of the Wu Jian Council.
  3334 | D:4      | Reached skill level 1 in Staves
  3495 | D:4      | Found a sand-covered staircase.
  3531 | Ossuary  | Entered an ossuary
  3550 | Ossuary  | Reached XP level 6. HP: 46/49 MP: 6/6
  3687 | Ossuary  | Reached skill level 5 in Fighting
  3687 | Ossuary  | Reached XP level 7. HP: 56/56 MP: 7/7
  4027 | Ossuary  | Reached skill level 5 in Staves
  4039 | Ossuary  | Reached XP level 8. HP: 63/63 MP: 8/8
  4316 | D:4      | Found a hazy altar of Hepliaklqana.
  4411 | D:5      | Entered Level 5 of the Dungeon
  6222 | D:6      | Noticed a gargoyle
  6232 | D:6      | Killed a gargoyle
  6233 | D:6      | Reached XP level 9. HP: 65/71 MP: 9/9
  6415 | D:6      | Noticed Eustachio
  6426 | D:6      | Killed Eustachio
  6501 | D:6      | Noticed Pikel
  6516 | D:6      | Killed Pikel
  6563 | D:6      | Noticed a komodo dragon
  6570 | D:6      | Killed a komodo dragon
  7441 | D:7      | Noticed Menkaure
  7486 | D:7      | Killed Menkaure
  7487 | D:7      | Reached skill level 10 in Fighting
  7607 | D:7      | Found a staircase to the Ecumenical Temple.
  7806 | D:7      | Noticed a boulder beetle
  7807 | D:7      | Reached skill level 3 in Axes
  7823 | D:7      | Reached XP level 10. HP: 66/85 MP: 10/10
  8140 | D:7      | Killed a boulder beetle
  8141 | D:7      | Reached skill level 4 in Axes
  8451 | D:7      | Found a runed translucent door.
  8452 | D:7      | Noticed Crazy Yiuf
  8458 | D:7      | Killed Crazy Yiuf
  8794 | Temple   | Entered the Ecumenical Temple
  8923 | Temple   | Became a worshipper of Warmaster Okawaru
  8923 | Temple   | Reached * piety under Okawaru
  8923 | Temple   | Reached ** piety under Okawaru
  9158 | D:8      | Reached skill level 5 in Axes
  9220 | D:8      | Found a runed translucent gate.
  9220 | D:8      | Found a runed translucent gate.
  9222 | D:8      | Found a runed translucent gate.
  9222 | D:8      | Noticed a nine-headed hydra
  9223 | D:8      | Noticed iguanaiguana's ghost (novice GrVM)
  9592 | D:8      | Noticed a two-headed ogre
  9600 | D:8      | Killed a two-headed ogre
  9602 | D:8      | Reached skill level 6 in Axes
  9704 | D:8      | Noticed a two-headed ogre
  9722 | D:8      | Reached skill level 1 in Invocations
  9826 | D:8      | Killed a two-headed ogre
  9826 | D:8      | Reached *** piety under Okawaru
  9933 | D:8      | Reached skill level 7 in Axes
 10674 | D:9      | Reached XP level 11. HP: 90/90 MP: 13/13
 10706 | D:9      | Reached skill level 8 in Axes
 10714 | D:9      | Reached **** piety under Okawaru
 11068 | D:9      | Noticed Grum
 11089 | D:9      | Killed Grum
 11491 | D:10     | Entered Level 10 of the Dungeon
 11668 | D:10     | Found a hide-covered altar of Uskayaw.
 11919 | D:10     | Found a stormy altar of Qazlal.
 11924 | D:10     | Found Eloeqocs's Assorted Antiques.
 11931 | D:10     | Identified 2 scrolls of acquirement
 12001 | D:10     | Noticed an oklob plant
 12003 | D:10     | Found a staircase to the Lair.
 12014 | D:10     | Killed an oklob plant
 12015 | D:10     | Reached skill level 9 in Axes
 12239 | D:10     | Reached skill level 5 in Invocations
 12499 | D:10     | Bought a scroll labelled VESITZ HYANNE for 29 gold pieces
 12499 | D:10     | Bought a scroll of identify for 58 gold pieces
 12536 | Lair:1   | Entered Level 1 of the Lair of Beasts
 12542 | Lair:1   | Reached ***** piety under Okawaru
 12820 | Lair:1   | Noticed an oklob plant
 12820 | Lair:1   | Noticed an oklob plant
 12820 | Lair:1   | Found the +5 glaive of the Guard {elec, spectral, AC+5}
 12824 | Lair:1   | Received a gift from Okawaru
 13036 | Lair:1   | Noticed an oklob plant
 13284 | Lair:2   | Reached skill level 10 in Axes
 13586 | Lair:2   | Found a staircase to the Shoals.
 13765 | Lair:2   | Reached XP level 12. HP: 92/97 MP: 17/17
 13932 | Lair:2   | Found a runed translucent door.
 13935 | Lair:2   | Noticed Pechyafi's ghost (journeyman DDEE)
 13935 | Lair:2   | Identified the +7 spear "Xeonic" {flame, rPois rCorr Dex+3}
 13952 | Lair:2   | Found a hole to the Spider Nest.
 15310 | Lair:4   | Found the +0 mask of the Dragon {Will+ Slay+3 SInv}
 15317 | Lair:4   | Reached skill level 11 in Axes
 15637 | Lair:4   | Noticed a boulder beetle
 15656 | Lair:4   | Demolished by a boulder beetle

Illustrated notes

Levels and vault maps discovered:
D:1:      dpeg_arrival_tiny_d, layout_loops_ring, minmay_pentomino_w4
D:2:      layout_loops_cross, basic_altar, shapermc_ecumenical_altar_petra,
          minmay_tiny_reverse_x
D:3:      layout_basic, nzn_wu_jian_contemplation, serial_shops, shop,
          serial_bayou_pond_a, uniq_robin, uniq_terence
D:4:      layout_rooms, nicolae_hepliaklqana_hippocampus, enter_ossuary_3,
          minmay_crystal_room, hangedman_decor_diamond_cutter
D:5:      layout_basic
D:6:      minmay_cornered_nines, layout_basic, dreamdust_gnoll_farm,
          uniq_eustachio, uniq_pikel
D:7:      kennysheep_big_flooded_room, layout_loops_cross,
          mainiacjoe_overflow_brackets, minmay_temple_entry_overgrown,
          uniq_menkaure, uniq_crazy_yiuf_cottage
D:8:      layout_rooms, gammafunk_ghost_hydra_chop, centaur_isle
D:9:      layout_cave_pools, uniq_grum
D:10:     layout_cave_pools, mainiacjoe_overflow_catch_the_wave,
          dpeg_oklobed_lair, serial_shops, shop, hangedman_decor_peaks_small,
          dk_vineyard_3
Temple:   minmay_crystal_spiral_temple
Lair:1:   layout_cave_shapes, disabler_island, serial_bayou_shore_a,
          lemuel_fruit_tree
Lair:2:   layout_gridlike, minmay_shoals_entry_centaurs,
          spider_nest_entry_funnel_web, ebering_ghost_funeral_grove
Lair:3:   layout_misc_corridors, grunt_megastairs_4
Lair:4:   layout_loops_ring, slime_entry_1, uniq_snorg

Skill      XL: |  1  2  3  4  5  6  7  8  9 10 11 12 |
---------------+-------------------------------------+-----
Fighting       | 4 5 6 10 | 10.0
Armour         | 1 2 3 |  3.7
Shields        | 1 2 |  2.6
Staves         | 2 3 5 7 |  7.1
Axes           | 3 7 10 11 | 11.8
Invocations    | 2 6 8 |  8.0
Throwing       | |  0.3
Dodging        | |  2.4
Stealth        | |  1.5

Action                   |  1- 3 |  4- 6 |  7- 9 | 10-12 || total
-------------------------+-------+-------+-------+-------++-------
Melee: Hand axe          |   150 |     4 |       |       ||   154
       Punch             |     4 |       |       |       ||     4
       Lajatang          |       |   145 |   179 |       ||   324
       Battleaxe         |       |       |   150 |   475 ||   625
Throw: Throwing net      |       |       |     6 |       ||     6
       Dart              |       |       |       |     3 ||     3
Invok: Heroism           |       |       |       |    14 ||    14
Evoke: Wand              |       |       |     5 |    17 ||    22
  Use: Scroll            |       |     8 |     8 |    10 ||    26
 Stab: Invisible         |       |       |     5 |       ||     5
       Held in net/web   |       |       |     1 |       ||     1
       Sleeping          |       |       |       |     2 ||     2
Armor: Scale mail        |    90 |     8 |       |       ||    98
       Chain mail        |       |    71 |   128 |       ||   199
       Acid dragon scale |       |       |    63 |   281 ||   344
Dodge: Dodged            |    81 |    64 |   180 |   376 ||   701
Block: Other             |    23 |    39 |   103 |   155 ||   320
       Reflection        |       |       |     8 |    15 ||    23
